 Dungeon Crawl Stone Soup version 0.17.1-3-g152610e (webtiles) character file.

84 Keyn the Skirmisher (level 4, -1/37 HPs)
             Began as a Demonspawn Chaos Knight on Apr 22, 2016.
             Slain by Purgy (3 damage)
             ... on level 2 of the Dungeon.
             The game lasted 00:09:48 (2052 turns).

Keyn the Skirmisher (Demonspawn Chaos Knight)       Turns: 2052, Time: 00:09:50

Health: -1/37      AC:  6    Str: 13    XL:     4   Next: 23%
Magic:  4/4        EV: 11    Int: 13    God:    Xom [..*...]
Gold:   125        SH:  0    Dex: 13    Spells: 0 memorised, 3 levels left

rFire  . . .     SeeInvis .     a - +1 falchion (chaos)
rCold  . . .     Clarity  .     b - +3 leather armour
rNeg   . . .     SustAt   .     (no shield)
rPois  .         Gourm    .     (no helmet)
rElec  .         Spirit   .     (no cloak)
rCorr  .         Warding  .     (no gloves)
rMut   .         Stasis   .     (no boots)
MR     .....                    (no amulet)
Stlth  +.........               (no ring)
                                (no ring)

@: not resistant to hostile enchantments, very unstealthy
A: claws 1, powered by pain 1
a: Renounce Religion


You were on level 2 of the Dungeon.
You worshipped Xom.
You were a toy of Xom.
You were hungry.

You visited 1 branch of the dungeon, and saw 3 of its levels.

You collected 125 gold pieces.

Inventory:

Hand Weapons
 a - a +1 falchion of chaos (weapon)
 j - a cursed -3 dagger
Armour
 b - a +3 leather armour (worn)
 d - a +0 ring mail
Jewellery
 i - an uncursed amulet of resist mutation {unknown}
Scrolls
 n - 2 scrolls of remove curse
Potions
 h - 3 potions of curing
Comestibles
 c - 3 bread rations
 o - a slice of pizza


   Skills:
 + Level 3.8 Fighting
 - Level 2.6 Long Blades
 + Level 2.8 Armour
 + Level 1.6 Dodging
 * Level 1.1 Stealth


You had 3 spell levels left.
You didn't know any spells.

Dungeon Overview and Level Annotations

Branches:
Dungeon (3/15)

Altars:

Annotations:
D:2 Purgy


Innate Abilities, Weirdness & Mutations

You have sharp fingernails.
You sometimes gain a little power by taking damage.


Message History

Purgy claws you but does no damage.
You hit Purgy but do no damage.
Purgy is lightly wounded.
The jackal bites you but does no damage.
Purgy misses you. Purgy claws you but does no damage.
Purgy claws you but does no damage.
You slash Purgy!
Purgy is moderately wounded.
The jackal barely misses you. The jackal closely misses you. Purgy bites you.
* * * LOW HITPOINT WARNING * * *
Purgy barely misses you. Purgy claws you.
* * * LOW HITPOINT WARNING * * *
You hit Purgy but do no damage.
Space bends around Purgy.
Purgy is heavily wounded.
The jackal bites you but does no damage.
Purgy bites you.
* * * LOW HITPOINT WARNING * * *
Purgy claws you but does no damage. Purgy claws you.
You die...
Xom chuckles heartily!

#######.##.###..#####.###.##.#
..# #...........).......##†#
#.# #.##.#.#...####......#.#
#.# #.##.#.#...# ######.#.#
#.#####.##.#.....# #.#.#
........##.#...<.# #.#.#
#.####..##.#.##..# #.#.#
........##...###h# #######.#[#
.......).......T@# #.......#.#
#.####.###...#######.#######.#
#.# #.................# #.#
#.# #####..####.###.#.#####.#
#.# #......####.###.#....##.#
#.########........##.####.##.#
#..........#.........####.##.#
#..........#.####.<..........#
#............####+####.#######


You could see Purgy and a jackal.

Vanquished Creatures
  An adder (D:2)
  5 worms
  2 giant geckos (D:2)
  4 ball pythons
  5 bats
  8 goblins
  8 hobgoblins
  4 giant cockroaches
  5 giant newts
  5 jackals
  7 kobolds
  4 rats (D:1)
58 creatures vanquished.

Notes
Turn   | Place    | Note
--------------------------------------------------------------
     0 | D:1      | Keyn the Demonspawn Chaos Knight began the quest for the Orb.
     0 | D:1      | Reached XP level 1. HP: 18/18 MP: 1/1
     0 | D:1      | Noticed an iron dragon
     0 | D:1      | Noticed a tentacled monstrosity
     2 | D:1      | Noticed a shadow dragon
     2 | D:1      | Noticed a shadow dragon
     4 | D:1      | Noticed an orb of fire
     6 | D:1      | Noticed an iron dragon
    11 | D:1      | Noticed an iron dragon
    13 | D:1      | Noticed an ice dragon
    13 | D:1      | Noticed an orb of fire
    15 | D:1      | Noticed an orb of fire
    15 | D:1      | Noticed a tentacled monstrosity
    16 | D:1      | Noticed an ice dragon
    18 | D:1      | Noticed an orb of fire
    20 | D:1      | Noticed a green draconian
    20 | D:1      | Noticed a yellow draconian
    22 | D:1      | Noticed a red draconian
    22 | D:1      | Noticed an iron dragon
   120 | D:1      | Reached skill level 1 in Dodging
   139 | D:1      | Gained mutation: You sometimes gain a little power by taking damage. [demonic ancestry]
   139 | D:1      | Reached XP level 2. HP: 20/24 MP: 2/2
   604 | D:1      | Gained mutation: You have sharp fingernails. [demonic ancestry]
   604 | D:1      | Reached XP level 3. HP: 29/29 MP: 3/3
   681 | D:1      | XOM: harmless Summ miscast
   733 | D:1      | XOM: divination: detect creatures
  1106 | D:2      | XOM: silly message
  1235 | D:2      | XOM: harmless Fire miscast
  1403 | D:2      | Reached skill level 1 in Stealth
  1413 | D:2      | Reached XP level 4. HP: 16/37 MP: 4/4
  1518 | D:2      | XOM: harmless Pois miscast
  1895 | D:3      | Noticed Purgy
  2052 | D:2      | Slain by Purgy

Action                   |  1- 3 |  4- 6 || total
-------------------------+-------+-------++-------
Melee: Falchion          |   144 |    40 ||   184
  Use: Scroll            |     3 |     5 ||     8
       Potion            |     2 |     2 ||     4
 Stab: Sleeping          |     2 |       ||     2
       Petrifying        |     1 |       ||     1
       Petrified         |     1 |       ||     1
  Eat: Beef jerky        |     1 |       ||     1
       Pizza             |       |     1 ||     1
